 Dungeon Crawl Stone Soup version 0.14-a0-445-g388476e (webtiles) character file.

158 LostMyPassword the Scratcher (level 3, 0/15 HPs)
             Began as a Felid Transmuter on Oct 30, 2013.
             Slain by a quokka (3 damage)
             ... on Level 3 of the Dungeon.
             The game lasted 00:09:55 (2487 turns).

LostMyPassword the Scratcher (Felid Transmuter)     Turns: 2487, Time: 00:09:56

HP   0/15        AC  1     Str  7      XL: 3   Next: 73%
MP   6/6         EV 18     Int 14      God:
Gold 101         SH  0     Dex 16      Spells:  2 memorised,  3 levels left
Lives: 0, deaths: 0

Res.Fire  : . . .   See Invis. : +     - Unarmed
Res.Cold  : . . .   Warding    : +   (armour unavailable)
Life Prot.: + . .   Conserve   : .   (shield unavailable)
Res.Poison: .       Res.Corr.  : .   (helmet unavailable)
Res.Elec. : .       Clarity    : .   (cloak unavailable)
Sust.Abil.: . .     Spirit.Shd : .   (gloves unavailable)
Res.Mut.  : .       Stasis     : .   (boots unavailable)
Res.Rott. : .       Flight     : .   p - amulet of warding {unknown}
Saprovore : . . .                    (no ring)
                                     (no ring)

@: exhausted, quick, slightly resistant to hostile enchantments, fairly stealthy
A: paw claws, no armour, no advanced items, fangs 3, see invisible, carnivore 3,
speed 1, slow metabolism 1, jump 1, AC +1
a: Jump Attack


You were on level 3 of the Dungeon.
You were very full.

You visited 1 branch of the dungeon, and saw 3 of its levels.

You collected 81 gold pieces.

Inventory:

Missiles
 b - 12 arrows
Comestibles
 a - 2 meat rations
 i - a chunk of hobgoblin flesh
Scrolls
 c - a scroll of identify {unknown}
 f - a scroll of fog {unknown}
 g - a scroll of enchant weapon I {unknown}
 h - a scroll of noise {unknown}
Jewellery
 p - an amulet of warding (around neck) {unknown}
Potions
 e - a potion of cure mutation {unknown}
 l - a potion of brilliance {unknown}
Books
 d - a book of Changes

   Spells                             Type                      Level
   *Beastly Appendage                 Transmutation                1
   *Sticks to Snakes                  Transmutation                2
   Spider Form                        Transmutation/Poison         3
   Ice Form                           Ice/Transmutation            4
   Blade Hands                        Transmutation                5


   Skills:
 - Level 1.0 Fighting
 - Level 2.6 Dodging
 * Level 4.4 Unarmed Combat
 - Level 2.0 Spellcasting
 - Level 2.7 Transmutations


You had 3 spell levels left.
You knew the following spells:

 Your Spells              Type           Power        Failure   Level  Hunger
a - Beastly Appendage     Trmt           #.....       10%         1    ##.....
b - Sticks to Snakes      Trmt           #.........   14%         2    ###....


Dungeon Overview and Level Annotations

Branches:
Dungeon (3/27)

Altars:


Innate Abilities, Weirdness & Mutations

You cannot wear armour.
You are incapable of any advanced item manipulation.
Your paws have sharp claws.
You have razor-sharp teeth.
You have supernaturally acute eyesight.
You are carnivorous and can eat meat at any time.
You cover ground quickly.
You are covered in fur (AC +1).
You have a slow metabolism.
You can jump attack at a short distance.


Message History

* * * LOW HITPOINT WARNING * * *
You feel sick. The quokka barely misses you.
You barely miss the quokka.
The quokka is lightly wounded.
* * * LOW HITPOINT WARNING * * *
You feel sick.
You feel better. The quokka barely misses you.
You feel less exhausted.
Use which ability? (? or * to list)
Aiming: Jump Attack
Press: ? - help, Dir - move target cursor, f - quokka
Aim: a quokka (lightly wounded)
You jump-attack the quokka!
You barely miss the quokka.
The quokka is lightly wounded.
You feel somewhat less full. The quokka misses you.
You barely miss the quokka. Your punch misses the quokka.
The quokka is lightly wounded.
The quokka bites you.
You die...

#....## ... ..#
####.### ... ...#
#...# .... .....
###.# #.. ######
#.# #.. #.# #.#
#.# #.# #..
#.######.####...
#....r@.........
#.#####..........
#.# #.......##
#.# #.%..#### #.#
##...# #.#
#%........ ..#
#...##### ..#
#...# . ....#


You could see a quokka.

Vanquished Creatures
  2 adders
  A giant gecko (D:1)
  2 ball pythons (D:2)
  5 bats
  A giant cockroach (D:1)
  8 hobgoblins
  2 jackals (D:1)
  6 kobolds
  3 giant newts (D:2)
  4 goblins
  6 rats
40 creatures vanquished.

Notes
Turn   | Place    | Note
--------------------------------------------------------------
     0 | D:1      | LostMyPassword, the Felid Transmuter, began the quest for the Orb.
     0 | D:1      | Reached XP level 1. HP: 9/9 MP: 2/2
   259 | D:1      | Reached XP level 2. HP: 10/12 MP: 4/4
  1685 | D:2      | Reached XP level 3. HP: 15/15 MP: 6/6
  1750 | D:2      | Reached skill level 4 in Unarmed Combat
  2257 | D:2      | Learned a level 2 spell: Sticks to Snakes
  2487 | D:3      | Slain by a quokka

Action                   || total
-------------------------++-------
Melee: Unarmed           ||   103
 Cast: Beastly Appendage ||     2
 Abil: Jump Attack       ||    10
 Stab: Sleeping          ||     1
